Map: Acid Plant LE

Players

Ziggy

  • Race: Terran Terran
  • Spawn Location: 5:00

Tesla (Rob) - Winner!

  • Race: Protoss Protoss
  • Spawn Location: 11:00

Event: WCS Austin 2018

VOD

Have the link to the VOD?

Description

Time

  • Played on: June 1, 2018, 4:31 p.m.
  • Length: 12:32

All games in this series

Show
View Real Time Build Order
Export as new Build Order

Ziggy Terran 

Build Orders: Cyclone Opening, Gas First Reaper Expand, Reaper Expand, MMM Bio 

Get SALT Encoding   

  12  0:00  SCV  
  13  0:12  SCV  
  14  0:17  Supply Depot  
  14  0:24  SCV  
  15  0:28  Refinery  
  15  0:38  SCV  
  16  0:44  Barracks  
  16  0:51  SCV  
  17  1:03  SCV  
  18  1:15  SCV  
  19  1:31  Orbital Command, Reaper  
  20  1:45  Command Center  
  20  1:55  Refinery  
  20  2:03  Factory  
  20  2:06  Barracks Reactor  
  20  2:09  SCV  
  21  2:19  Supply Depot  
  21  2:21  SCV  
  22  2:33  SCV  
  23  2:46  SCV  
  24  2:54  Cyclone x2, Marine  
  32  3:03  Orbital Command  
  32  3:05  SCV  
  32  3:11  Marine  
  33  3:18  SCV  
  37  3:27  Hellion x2  
  37  3:30  Engineering Bay  
  37  3:33  SCV  
  38  3:35  SCV  
  39  3:45  SCV  
  39  3:47  SCV  
  45  3:48  Widow Mine x2  
  45  3:55  Supply Depot  
  45  3:57  SCV  
  45  3:58  Missile Turret  
  45  4:01  Barracks Tech Lab  
  44  4:18  SCV x2  
  44  4:21  Barracks  
  44  4:22  Starport, Barracks  
  40  4:29  Missile Turret  
  40  4:30  SCV  
  41  4:33  SCV  
  41  4:35  Marine x2  
  44  4:39  Siege Tank  
  44  4:42  SCV  
  48  4:45  Terran Infantry Weapons Level 1  
  48  4:46  SCV  
  48  4:52  Supply Depot  
  49  4:53  Marine x2  
  49  4:56  SCV  
  49  4:58  SCV  
  53  5:01  Starport Reactor  
  53  5:04  Refinery  
  53  5:08  SCV  
  53  5:13  SCV  
  55  5:14  Marine  
  55  5:15  Siege Tank  
  55  5:20  SCV  
  60  5:28  SCV  
  46  5:29  Marine  
  46  5:32  SCV  
  46  5:34  Marine  
  49  5:36  Barracks Tech Lab x2  
  49  5:40  SCV  
  48  5:44  SCV  
  48  5:47  Marine, Siege Tank  
  53  5:52  Marine, SCV  
  53  5:55  Marine x2  
  53  5:56  Stimpack, SCV  
  58  5:58  Combat Shields  
  58  6:03  Medivac  
  61  6:04  SCV  
  61  6:06  Refinery  
  61  6:08  Supply Depot  
  61  6:13  SCV  
  61  6:14  Supply Depot  
  62  6:24  Barracks  
  62  6:25  Barracks  
  62  6:30  Marine x2, SCV x2  
  64  6:34  Marauder  
  64  6:35  Marauder  
  68  6:41  Medivac  
  68  6:42  Siege Tank  
  68  6:43  SCV x2  
  75  6:47  Marine  
  75  6:52  Supply Depot  
  76  6:56  Marauder, Terran Infantry Armor Level 1  
  76  6:58  Supply Depot  
  78  7:04  Marauder  
  78  7:08  Supply Depot  
  78  7:13  Medivac x2, Marine  
  83  7:15  Supply Depot  
  83  7:17  Marauder  
  85  7:24  Concussive Shells  
  85  7:25  Barracks Tech Lab  
  85  7:26  Barracks Tech Lab  
  85  7:27  Marine x2  
  86  7:30  Supply Depot  
  86  7:34  Siege Tank  
  89  7:38  Marauder, Marine  
  92  7:44  Liberator, Marine  
  92  7:45  Marauder, Marine x2  
  97  7:56  Marine  
  98  7:59  Marine  
  98  8:02  Marine  
  98  8:03  Marauder, Marine  
  98  8:05  SCV x2  
  108  8:07  Marauder  
  108  8:08  Siege Tank  
  109  8:22  Marauder, Marine  
  109  8:23  Marine  
  109  8:24  Marauder  
  93  8:27  Marine  
  93  8:28  Marauder  
  93  8:31  SCV x2  
  93  8:34  Liberator  
  90  8:39  Marine  
  91  8:41  Marine  
  91  8:43  Siege Tank  
  91  8:44  Marauder  
  91  8:45  Marine  
  91  8:46  Marauder  
  100  8:49  Marine  
  100  8:54  Liberator  
  104  8:57  Marine  
  103  9:03  Marauder  
  103  9:04  Marine  
  103  9:05  Marauder  
  103  9:07  SCV  
  109  9:20  Marine  
  109  9:21  Marauder  
  109  9:22  Liberator  
  92  9:25  Marine  
  92  9:26  Marauder, Marine x2  
  99  9:35  Ghost Academy  
  98  9:38  Marine  
  98  9:42  Marauder  
  98  9:43  Marine  
  104  9:49  Liberator  
  104  9:57  Command Center  
  104  10:01  Marine x3  
  104  10:02  Marauder  
  112  10:15  Armory, Engineering Bay  
  112  10:16  SCV  
  112  10:19  Marine x2  
  115  10:21  Marine  
  116  10:33  Ghost  
  116  10:34  Ghost  
  116  10:43  Ghost  
  118  10:50  SCV x2  
  118  10:55  Ghost  
  118  10:57  Marine x2  
  122  11:00  Refinery  
  122  11:02  SCV  
  125  11:07  Marine  
  125  11:08  Marauder  
  119  11:15  Medivac x2  
  123  11:22  Marine  
  123  11:23  Marauder  
  125  11:26  SCV x2  
  125  11:27  Marine  
  128  11:36  Marauder, Marine x2  
  132  11:40  Orbital Command  
  132  11:44  SCV  
  132  11:45  SCV  
Show
View Real Time Build Order
Export as new Build Order

Tesla Protoss - Winner!

Build Orders: 1 Gate Expand, Oracle Opening 

Get SALT Encoding   

  12  0:00  Probe  
  13  0:13  Probe  
  14  0:18  Pylon  
  14  0:24  Probe  
  15  0:32  Probe  
  15  0:38  Gateway  
  15  0:40  Probe  
  16  0:46  Assimilator  
  17  0:51  Probe  
  18  1:03  Probe  
  19  1:21  Nexus  
  19  1:29  Cybernetics Core  
  19  1:30  Probe  
  20  1:38  Assimilator, Probe  
  20  1:46  Probe  
  22  1:57  Pylon  
  22  1:58  Probe  
  23  2:06  Warp Gate  
  23  2:15  Adept, Probe  
  26  2:27  Probe  
  27  2:30  Probe  
  27  2:32  Stargate  
  28  2:38  Probe  
  28  2:39  Probe  
  28  2:42  Stalker  
  32  2:48  Probe  
  32  2:53  Probe  
  33  3:00  Probe  
  33  3:05  Probe  
  35  3:10  Oracle  
  35  3:12  Probe  
  36  3:17  Probe  
  36  3:23  Stalker  
  36  3:26  Probe  
  42  3:28  Shield Battery  
  42  3:29  Probe  
  42  3:33  Gateway  
  42  3:34  Gateway  
  43  3:38  Probe  
  45  3:52  Pylon  
  45  3:53  Pylon  
  44  3:57  Probe x2  
  46  4:07  Oracle  
  46  4:10  Twilight Council  
  49  4:18  Stalker  
  49  4:23  Probe x2  
  53  4:31  Assimilator, Blink  
  53  4:32  Assimilator, Pylon  
  53  4:35  Probe x2  
  53  4:36  Forge  
  55  4:40  Stalker x2  
  55  4:42  Stalker  
  61  4:47  Probe  
  61  4:50  Probe  
  63  4:53  Pylon  
  63  4:54  Pylon  
  63  4:59  Probe  
  64  5:03  Probe  
  64  5:05  Stalker  
  67  5:13  Stalker  
  67  5:14  Stalker  
  67  5:15  Probe  
  67  5:16  Protoss Ground Weapons Level 1  
  70  5:25  Probe  
  70  5:27  Probe  
  67  5:34  Stalker  
  67  5:44  Oracle  
  70  5:50  Nexus  
  70  5:52  Stalker x2  
  74  5:58  Pylon  
  74  6:00  Stalker  
  76  6:11  Gateway x2  
  76  6:12  Charge, Probe  
  76  6:14  Probe  
  78  6:24  Sentry, Probe  
  81  6:26  Probe  
  81  6:27  Stalker  
  81  6:32  Stalker  
  83  6:36  Probe  
  83  6:38  Probe  
  83  6:42  Gateway  
  83  6:44  Gateway  
  83  6:49  Zealot  
  83  6:50  Zealot  
  83  6:53  Pylon  
  87  6:56  Pylon, Probe x2  
  87  7:01  Protoss Ground Armor Level 1  
  89  7:05  Zealot x2  
  89  7:07  Zealot  
  95  7:08  Probe  
  95  7:10  Probe x2  
  98  7:20  Probe  
  98  7:22  Templar Archives  
  99  7:32  Zealot x4  
  99  7:33  Zealot  
  99  7:36  Pylon  
  109  7:45  Assimilator  
  109  7:46  Assimilator  
  109  7:54  Pylon  
  109  7:56  Pylon  
  109  7:58  Pylon  
  109  8:00  High Templar x4  
  109  8:01  Zealot x3  
  123  8:07  Archon  
  123  8:08  Archon  
  105  8:31  Zealot x3  
  94  8:37  Zealot x4  
  94  8:39  Gateway  
  94  8:40  Gateway  
  94  8:41  Gateway x2  
  102  8:46  Forge  
  102  8:47  Probe x2  
  104  8:56  Zealot  
  104  8:57  Zealot x2  
  104  8:59  High Templar x4  
  116  9:03  Archon x2  
  116  9:09  Photon Cannon  
  116  9:10  Protoss Ground Armor Level 2  
  116  9:11  Protoss Ground Weapons Level 2  
  116  9:12  Photon Cannon  
  116  9:13  Shield Battery  
  116  9:15  Pylon  
  114  9:23  Zealot x3  
  102  9:32  Psionic Storm  
  102  9:33  High Templar x3  
  102  9:34  High Templar  
  102  9:37  Zealot x3  
  102  9:38  Zealot  
  118  9:43  Archon x2  
  118  9:48  Photon Cannon  
  118  9:50  Zealot, Photon Cannon  
  118  9:51  Zealot  
  122  9:55  High Templar  
  124  10:00  High Templar  
  124  10:04  Zealot x3  
  132  10:08  Zealot x3  
  138  10:16  Robotics Facility  
  138  10:29  Nexus  
  138  10:31  Pylon  
  128  10:44  Zealot x6  
  140  10:52  High Templar x3  
  140  10:53  High Templar  
  140  10:55  High Templar  
  150  10:59  Photon Cannon  
  150  11:07  Warp Prism  
  148  11:11  High Templar x2  
  148  11:14  Zealot x4  
  162  11:24  Archon  
  162  11:27  Stalker x3  
  162  11:31  Assimilator  
  168  11:36  Assimilator  
  168  11:41  High Templar x2  
  168  11:44  Photon Cannon  
  168  11:46  Photon Cannon  
  172  11:49  Probe x3  
  175  11:57  Probe  
  176  12:01  Probe x2  
  144  12:23  Zealot x8  
  144  12:24  Zealot x2  
  144  12:27  Archon  
Tags
 
Add a new tag
Caveats
  • Supply blocks, unpowered buildings, or Contaminate may cause inaccurate times.
  • Supply counts are checked every 10 seconds.